Map: Hard Lead LE

Players

SubN

  • Race: Zerg Zerg
  • League: Diamond
  • Spawn Location: 5:00

A.I. 1 (Very Easy) - Winner!

  • Race: Terran Terran
  • Spawn Location: 11:00

VOD

Have the link to the VOD?

Description

Time

  • Played on: Nov. 21, 2023, 3:17 a.m.
  • Length: 10:12
Show
View Real Time Build Order
Export as new Build Order

SubN Zerg 

Build Orders: Hatch First 

Get SALT Encoding   

  12  0:00  Drone  
  13  0:11  Overlord  
  13  0:16  Drone  
  14  0:30  Drone  
  14  0:31  Drone  
  16  0:48  Hatchery  
  15  0:52  Drone  
  15  0:55  Drone  
  17  0:59  Drone  
  17  1:02  Extractor  
  17  1:16  Spawning Pool  
  16  1:18  Drone  
  16  1:25  Drone  
  18  1:29  Drone  
  19  1:38  Drone  
  20  1:51  Overlord  
  20  2:02  Queen x2  
  20  2:04  Zergling x2  
  20  2:06  Zergling x2  
  26  2:13  Metabolic Boost  
  26  2:16  Drone  
  26  2:18  Drone  
  26  2:21  Drone  
  29  2:23  Drone  
  30  2:31  Drone  
  31  2:42  Queen  
  33  2:53  Drone  
  33  2:54  Drone  
  33  2:58  Hatchery  
  34  3:07  Overlord  
  34  3:09  Overlord  
  34  3:16  Drone x2  
  36  3:25  Drone x2  
  36  3:26  Drone x3  
  41  3:31  Overlord  
  41  3:33  Overlord  
  41  3:43  Extractor  
  41  3:44  Drone x2  
  41  3:48  Queen  
  42  3:50  Queen  
  42  3:54  Drone x5  
  42  3:55  Drone  
  52  3:57  Drone  
  53  4:10  Queen  
  53  4:12  Drone x3  
  58  4:29  Drone x9  
  67  4:39  Drone, Extractor  
  67  4:40  Drone x2  
  69  4:47  Extractor  
  68  4:56  Lair  
  68  5:07  Drone  
  69  5:09  Zergling x8  
  69  5:10  Zergling x2  
  69  5:12  Overlord  
  69  5:14  Overlord  
  74  5:15  Overlord  
  74  5:16  Overlord  
  74  5:42  Drone  
  75  5:43  Baneling Nest  
  75  5:48  Drone x3  
  75  5:49  Drone x9  
  86  5:51  Evolution Chamber  
  86  5:54  Evolution Chamber  
  84  6:02  Drone  
  85  6:04  Hydralisk Den  
  85  6:07  Extractor  
  85  6:10  Extractor  
  82  6:22  Overlord  
  82  6:25  Zerg Melee Weapons Level 1, Zerg Ground Armor Level 1  
  82  6:27  Drone x3  
  82  6:30  Drone  
  86  6:33  Hatchery, Overlord x3  
  86  6:34  Overlord  
  86  6:39  Grooved Spines  
  85  6:40  Centrifugal Hooks  
  85  6:50  Overlord  
  85  6:53  Drone  
  85  6:54  Drone x11  
  97  7:09  Drone  
  97  7:12  Infestation Pit  
  97  7:25  Hydralisk  
  97  7:29  Muscular Augments  
  99  7:30  Drone x4  
  99  7:31  Drone x6  
  109  7:52  Overlord x2  
  109  7:55  Extractor  
  109  7:57  Extractor, Spore Crawler  
  106  8:11  Spore Crawler  
  105  8:16  Spore Crawler x2  
  103  8:23  Queen  
  103  8:25  Drone  
  106  8:31  Overlord x2  
  106  8:32  Overlord  
  106  8:33  Overlord  
  106  8:34  Hydralisk x4  
  106  8:35  Zergling x12, Hydralisk x5  
  106  8:36  Zergling x2  
  131  8:41  Overseer  
  131  8:58  Hatchery  
  130  9:13  Extractor  
  129  9:37  Hydralisk, Extractor  
  129  9:38  Hydralisk x5  
  130  9:39  Hydralisk x2  
  144  9:47  Baneling x5  
  144  9:48  Zergling x2, Baneling x6  
  144  9:49  Zergling x20  
Show
View Real Time Build Order
Export as new Build Order

A.I. 1 (Very Easy) Terran - Winner!

Build Orders:  

Get SALT Encoding   

  12  0:00  SCV  
  13  0:13  SCV  
  14  0:18  Supply Depot  
  14  0:37  Refinery  
  14  0:41  Barracks  
  14  1:03  Supply Depot  
  14  1:12  Refinery  
  14  1:28  SCV  
  14  1:29  Marine  
  16  1:40  SCV  
  17  1:52  SCV  
  18  1:59  Marine  
  19  2:05  SCV  
  20  2:17  SCV  
  21  2:29  Marine, SCV  
  23  2:41  Orbital Command  
  23  4:27  SCV  
  23  5:39  Marine, SCV  
  23  5:41  Supply Depot  
  25  5:42  Factory  
  25  6:03  SCV  
  26  6:06  Supply Depot  
  26  6:10  Barracks Tech Lab  
  26  6:15  SCV  
  24  6:27  SCV  
  24  6:28  Hellion, Starport  
  26  6:39  SCV  
  27  6:47  Command Center  
  27  6:56  Hellion  
  29  7:05  Starport Tech Lab  
  28  7:26  Raven  
  28  7:27  Marine  
  31  7:58  Marauder  
  33  8:00  Raven, SCV  
  36  8:07  Refinery, SCV  
  36  8:11  Refinery  
  37  8:14  SCV  
  38  8:21  SCV  
  39  8:28  SCV  
  39  8:29  Marine  
  41  8:35  SCV  
  42  8:43  SCV  
  43  8:50  SCV  
  44  8:57  SCV  
  44  8:59  Marine  
  46  9:04  SCV  
  47  9:11  SCV  
  48  9:18  SCV  
  49  9:25  SCV  
  49  9:30  Marine  
  50  9:33  SCV  
  51  9:40  SCV  
  52  9:47  SCV  
  53  9:55  SCV  
Tags
 
League
Diamond
Matchup
TvZ
Replay Pack
2025 replay dump
Spawn Locations
Cross Positions
Add a new tag
Caveats
  • Supply blocks, unpowered buildings, or Contaminate may cause inaccurate times.
  • Supply counts are checked every 10 seconds.